 Dungeon Crawl Stone Soup version 0.29.1-12-g30fa7ad0bf (webtiles) character file.

Game seed: 9048051811363626078

1939 hawla the Firebug (level 9, -3/96 HPs)
             Began as a Meteoran Fire Elementalist on Dec 25, 2022.
             Killed from afar by a gargoyle (25 damage)
             ... with a stone arrow
             ... on level 7 of the Dungeon.
             The game lasted 00:12:47 (3057 turns).

hawla the Firebug (Meteoran Fire Elementalist)      Turns: 3057, Time: 00:12:47

Health: -3/96      AC: 24    Str: 10    XL:     9   Next: 68%
Magic:  9/21       EV:  2    Int: 28    God:
Gold:   41         SH:  0    Dex: 14    Spells: 12/22 levels left

rFire   . . .      SeeInvis +   u - +6 mace of Yrarheh {vorpal, *Rage rN++ SInv}
rCold   + . .      Faith    .   (no shield)
rNeg    + + .      Spirit   .   (body armour currently unavailable)
rPois   +          Reflect  .   (helmet currently unavailable)
rElec   .          Harm     .   (cloak currently unavailable)
rCorr   .          Rampage  .   (gloves currently unavailable)
Will    +....      Rage     20% (boots currently unavailable)
Stlth   +......... NoTele   +   (no amulet)
HPRegen 0.26/turn               c - +6 ring of intelligence
MPRegen 0.17/turn               q - ring of protection from cold

@: tree-form, glowing, studying Stealth
A: stationary, stasis, torment immunity, boosted hp, sense surroundings 2,
otherworldly, glowing, explore regen
a: no special abilities


You were on level 7 of the Dungeon.
You were a tree.
You visited 2 branches of the dungeon, and saw 8 of its levels.

You collected 209 gold pieces.
You spent 168 gold pieces at shops.

Inventory:

Hand Weapons
 b - a +3 whip
 u - the +6 mace of Yrarheh (weapon) {vorpal, *Rage rN++ SInv}
   (You bought it in a shop on level 3 of the Dungeon)

   It inflicts extra damage upon your enemies.
   rN:        It greatly protects you from negative energy.
   SInv:      It lets you see invisible.
   *Rage:     It berserks you when you make melee attacks (+20% chance).
Armour
 m - a +0 pair of boots (melded)
 t - +0 steam dragon scales (melded)
Jewellery
 c - a +6 ring of intelligence (left branch)
 q - a ring of protection from cold (right branch)
Wands
 j - a wand of paralysis (8)
Scrolls
 s - a scroll of amnesia {unknown}
Potions
 a - 2 potions of heal wounds
 d - a potion of resistance
 e - 2 potions of lignification
 f - a potion of curing
 g - a potion of brilliance
 i - a potion of berserk rage
 k - a potion of haste
 p - a potion of magic


   Skills:
 + Level 1.4 Fighting
 + Level 6.9 Maces & Flails
 + Level 3.6 Dodging
 + Level 1.4 Stealth
 + Level 7.4 Spellcasting
 + Level 6.6 Conjurations
 + Level 1.6 Necromancy
 + Level 7.5 Fire Magic


You had 12 spell levels left.
You knew the following spells:

 Your Spells              Type           Power      Damage    Failure   Level
a - Foxfire               Conj/Fire      100%       2x1d9     1%          1
b - Scorch                Fire           100%       2d10      1%          2
c - Flame Wave            Conj/Fire      50%        2d12      2%          4
d - Vampiric Draining     Necr           19%        2d7       8%          3

Your spell library contained the following spells:

 Spells                   Type           Power      Damage    Failure   Level
 Conjure Flame            Conj/Fire      50%        6-21      1%          3
 Inner Flame              Hex/Fire       31%        N/A       3%          3
 Freeze                   Ice            40%        1d6       5%          1
 Slow                     Hex            40%        N/A       5%          1
 Ensorcelled Hibernation  Hex/Ice        20%        N/A       8%          2
 Call Canine Familiar     Summ           10%        N/A       16%         3
 Confusing Touch          Hex            10%        N/A       16%         3
 Spider Form              Tmut/Pois      10%        N/A       16%         3
 Anguish                  Hex/Necr       7%         N/A       36%         4
 Lightning Bolt           Conj/Air       14%        1d27      36%         5
 Airstrike                Air            5%         2d(1-17)  45%         4
 Summon Lightning Spire   Summ/Air       10%        N/A       45%         4
 Summon Cactus Giant      Summ           5%         N/A       100%        6
 Polar Vortex             Ice            5%         N/A       100%        9


Dungeon Overview and Level Annotations

Branches:
Dungeon (7/15) Zot: 1190   Temple (1/1) D:6 Zot: 563

Altars:
Cheibriados
Elyvilon
Gozag
Hepliaklqana
Makhleb
Nemelex Xobeh
Okawaru
Qazlal
Sif Muna
Trog
Uskayaw
Wu Jian
Xom
Zin

Shops:
D:3 *   D:6 (


Innate Abilities, Weirdness & Mutations

You are a tree.
Your roots penetrate the ground, keeping you stationary.
You cannot be teleported.
You are immune to unholy pain and torment.
Your maximum health is greatly increased.
Your equipment is partially melded.
You passively map the area around you.
You are easily found by Zot.
You glow in the dark.
You regain HP and MP as you explore.


Message History

You can't see any susceptible monsters within range! (Use Z to cast anyway.) Unknown command.
The gargoyle hurls a stone arrow at you.
The stone arrow hits you!
Unknown command.
Really quaff the potion of lignification?
You turn into a tree.
Your +0 pair of boots melds into your body.
Your +0 steam dragon scales melds into your body.
Your roots penetrate the ground.
Casting: Flame Wave (dangerous; 2% risk of failure)
Confirm with . or Enter, or press ? or * to list all spells.
Casting: Flame Wave (dangerous; 2% risk of failure)
Press: ? - help, Dir - look around, f - activate A wave of flame ripples out! (Press . to intensify the flame waves.)
A wave of flame ripples out!
The flame wave engulfs the gargoyle but does no damage.
A wave of flame ripples out!
The flame wave engulfs the gargoyle!
The gargoyle is heavily damaged.
You finish channelling waves of flame.
The gargoyle hits you with a +0 flail!
A sky beast comes into view.
Unknown command.
Casting: Flame Wave (dangerous; 2% risk of failure)
Confirm with . or Enter, or press ? or * to list all spells.
Flames lash the gargoyle but do no damage.
The gargoyle hits you with a +0 flail!
* * * LOW HITPOINT WARNING * * *
Unknown command.
Casting: Scorch (safe; 1% risk of failure)
Confirm with . or Enter, or press ? or * to list all spells.
Casting: Flame Wave (dangerous; 2% risk of failure)
Press: ? - help, Dir - look around, f - activate A wave of flame ripples out!
The flame wave engulfs the gargoyle but does no damage.
The gargoyle is heavily damaged. (Press . to intensify the flame waves.)
The gargoyle hurls a stone arrow at you.
The stone arrow hits you!!
You die...

*****,******,* *,**,**,, *****
*,,**+*♣...#.* *,**,*,,,
,,,,****,,,+_+.....,*****,**,*,,,
***,**,,,,**+*♣$..[,,,,,,,,,,*,,,
*,**,,,***,**...,******,******,
*,**,*** *,,,...** *,******,
*,**,* ****#Y#* *,,,,,,,, *,**,*
#9# ********, *,*#,* ##♣## *,
*,*#.########...#####*********,
**#.##..................,,,,,,,,,
,,.........####...######********,
**#.##.###.# #.###***** *,,,***,
* *,##,**#.# #..,,>,,,* *,,,,,,,
* *.#...##.## #.##****,* *,,,****
* *........<# #.# *,* **,** *
*.....##..#*#.# *,* *,*


You could see a gargoyle and a sky beast.

Vanquished Creatures
  Maggie (D:6)
  Grinder (D:6)
  An ice beast (D:5)
  4 black bears
  A centaur (D:6)
  An ogre (D:6)
  3 phantoms
  A scorpion (D:4)
  A vampire bat (D:5)
  4 hounds
  2 orc priests
  4 iguanas
  4 orc wizards
  7 adders
  A shadow imp (D:5)
  2 ufetubi
  A worm (D:2)
  A dart slug (D:2)
  14 orcs
  3 endoplasms
  A giant cockroach (D:4)
  2 goblins
  2 hobgoblins
  A quokka (D:5)
  4 ball pythons
  9 bats
  A frilled lizard (D:3)
  A kobold (D:2)
  A rat (D:1)
79 creatures vanquished.

Vanquished Creatures (collateral kills)
  A foxfire (D:4)
1 creature vanquished.

Vanquished Creatures (others)
  84 foxfires
84 creatures vanquished.

Grand Total: 164 creatures vanquished

Notes
Turn   | Place    | Note
-------+----------+-------------------------------------------
     0 | D:1      | hawla the Meteoran Fire Elementalist began the quest for
                  | the Orb.
     0 | D:1      | Reached XP level 1. HP: 14/14 MP: 5/5
    87 | D:2      | Reached XP level 2. HP: 7/20 MP: 3/6
    90 | D:2      | Learned a level 2 spell: Scorch
   127 | D:2      | Reached XP level 3. HP: 23/26 MP: 6/8
   136 | D:2      | Found a faded altar of an unknown god.
   213 | D:3      | Found a hazy altar of Hepliaklqana.
   291 | D:3      | Found Jielaot's Assorted Antiques.
   374 | D:4      | Noticed a black bear
   379 | D:4      | Killed a black bear
   380 | D:4      | Reached skill level 5 in Fire Magic
   380 | D:4      | Reached XP level 4. HP: 27/33 MP: 1/11
   380 | D:4      | Reached XP level 5. HP: 31/38 MP: 1/12
   390 | D:4      | Learned a level 4 spell: Flame Wave
   418 | D:4      | Reached XP level 6. HP: 18/45 MP: 9/13
  1205 | D:5      | Entered Level 5 of the Dungeon
  1206 | D:5      | Noticed an ice beast
  1212 | D:5      | Reached skill level 5 in Conjurations
  1212 | D:5      | Reached XP level 7. HP: 16/50 MP: 0/14
  1281 | D:5      | Reached skill level 5 in Maces & Flails
  1281 | D:5      | Reached XP level 8. HP: 37/57 MP: 0/15
  1554 | D:5      | Found a hide-covered altar of Uskayaw.
  1692 | D:5      | Learned a level 3 spell: Vampiric Draining
  2006 | D:6      | Reached skill level 1 in Necromancy
  2088 | D:6      | Found a staircase to the Ecumenical Temple.
  2097 | Temple   | Entered the Ecumenical Temple
  2097 | Temple   | Found a transporter.
  2097 | Temple   | Found a transporter.
  2099 | Temple   | Found a transporter.
  2099 | Temple   | Found a transporter.
  2153 | D:6      | Reached skill level 5 in Spellcasting
  2159 | D:6      | Found Umucveok's Antique Weapon Boutique.
  2163 | D:6      | Noticed Maggie
  2170 | D:6      | Killed Maggie
  2171 | D:6      | Reached skill level 1 in Fighting
  2171 | D:6      | Gained mutation: You passively map the area around you.
                  | [Meteoran growth]
  2171 | D:6      | Reached XP level 9. HP: 35/64 MP: 7/18
  2208 | D:6      | Found a shimmering altar of Xom.
  2209 | D:6      | Got the Spellbook of the Jolly Geomancers
  2405 | D:3      | Bought a translucent mace for 168 gold pieces
  2405 | D:3      | Identified the +6 mace of Yrarheh {vorpal, *Rage rN++ SInv}
                  | (You bought it in a shop on level 3 of the Dungeon)
  2552 | D:6      | Noticed Grinder
  2557 | D:6      | Killed Grinder
  3049 | D:7      | Noticed a gargoyle
  3057 | D:7      | Killed from afar by a gargoyle

Illustrated notes

Levels and vault maps discovered:
D:1:      onia_arrival_mini_maze, layout_basic, minmay_pentomino_u2
D:2:      layout_basic, serial_curves, eino_curves_03, eino_curves_02,
          ebering_ecumenical_altar_petrified
D:3:      layout_loops_corners, mainiacjoe_overflow_small_starburst,
          fedhas_altar_1, serial_shops, shop, uniq_natasha
D:4:      layout_loops_corners
D:5:      layout_gridville, mainiacjoe_overflow_alcove_2, st_stairs_13,
          roderic_batcave, corexii_checkpoint_b
D:6:      layout_basic, mainiacjoe_overflow_brackets,
          minmay_temple_entry_antechambers, serial_shops, shop, uniq_grinder,
          uniq_maggie
D:7:      layout_loops_ring, kennysheep_mini_moat
Temple:   hellmonk_temple_divided_pantheon

Skill      XL: |  1  2  3  4  5  6  7  8  9 |
---------------+----------------------------+-----
Fire Magic     | 4 5 6 7 |  7.5
Spellcasting   | 4 5 7 |  7.4
Dodging        | 3 |  3.6
Conjurations   | 2 5 6 |  6.6
Maces & Flails | 5 6 |  6.9
Necromancy     | 1 |  1.6
Fighting       | 1 |  1.4
Stealth        | |  1.4

Action                   |  1- 3 |  4- 6 |  7- 9 || total
-------------------------+-------+-------+-------++-------
Melee: Unarmed           |     4 |     3 |       ||     7
       Whip              |       |     1 |    40 ||    41
       Mace              |       |       |    10 ||    10
 Cast: Foxfire           |    15 |    10 |    26 ||    51
       Scorch            |     8 |    17 |    28 ||    53
       Flame Wave        |       |     2 |     7 ||     9
  Use: Scroll            |     1 |       |    12 ||    13
       Potion            |       |     2 |     4 ||     6
Armor: Robe              |     3 |     1 |    15 ||    19
       Steam dragon scal |       |       |     1 ||     1
Dodge: Dodged            |    14 |     8 |    32 ||    54
